 Dungeon Crawl Stone Soup version 0.29.1-15-g9cfb28693d (webtiles) character file.

Game seed: 11905169147392392389

120 Eitelfritz the Slasher (level 4, -7/37 HPs)
             Began as a Minotaur Gladiator on Mar 26, 2023.
             Killed from afar by an orc wizard (11 damage)
             ... with a puff of flame
             ... on level 3 of the Dungeon.
             The game lasted 00:09:05 (2365 turns).

Eitelfritz the Slasher (Minotaur Gladiator)         Turns: 2365, Time: 00:09:06

Health: -7/37      AC:  6    Str: 18    XL:     4   Next: 75%
Magic:  3/3        EV: 12    Int:  7    God:
Gold:   156        SH:  0    Dex: 12    Spells: 3/3 levels left

rFire   . . .      SeeInvis .   a - +0 long sword
rCold   . . .      Faith    .   (no shield)
rNeg    . . .      Spirit   .   g - +0 ring mail
rPois   .          Reflect  .   k - +1 hat
rElec   .          Harm     .   (no cloak)
rCorr   .          Rampage  .   (no gloves)
Will    .....                   (no boots)
Stlth   +.........              (no amulet)
HPRegen 0.12/turn               (no ring)
MPRegen 0.08/turn               (no ring)

@: no status effects
A: horns 2, retaliatory headbutt
a: no special abilities


You were on level 3 of the Dungeon.
You visited 1 branch of the dungeon, and saw 3 of its levels.

You collected 156 gold pieces.

Inventory:

Hand Weapons
 a - a +0 long sword (weapon)
 n - a +0 morningstar
Missiles
 d - 3 throwing nets (quivered)
 e - a javelin
Armour
 g - a +0 ring mail (worn)
 k - a +1 hat (worn)
Jewellery
 m - a ring of fire
Scrolls
 f - a scroll of fear {unknown}
 j - a scroll of noise {unknown}
 l - a scroll of teleportation {unknown}
 o - 2 scrolls of identify {unknown}
 q - a scroll of silence {unknown}
Potions
 b - 2 potions of curing
 c - a potion of attraction {unknown}
 h - a potion of cancellation {unknown}
 i - a potion of lignification {unknown}
 p - a potion of mutation {unknown}


   Skills:
 + Level 2.9 Fighting
 + Level 4.9 Long Blades
 + Level 2.1 Throwing
 + Level 3.1 Armour
 + Level 3.8 Dodging


You had 3 spell levels left.
You didn't know any spells.
Your spell library was empty.

Dungeon Overview and Level Annotations

Branches:
Dungeon (3/15)

Altars:


Innate Abilities, Weirdness & Mutations

You have a pair of horns on your head.
You reflexively headbutt those who attack you in melee.


Message History

You hear some strange, mumbled words.
A puff of flame appears from out of thin air!
The puff of flame hits you.
* * * LOW HITPOINT WARNING * * *
You miss something. Something hits you.
* * * LOW HITPOINT WARNING * * *
You miss something. Something hits you but does no damage.
You miss something. Something hits you but does no damage.
You barely miss something. Your headbutt misses something.
Something hits you but does no damage.
You closely miss something. Something hits you but does no damage.
You hit something but do no damage. Something hits you.
* * * LOW HITPOINT WARNING * * *
Something hits you but does no damage.
You hit something but do no damage. Something hits you.
* * * LOW HITPOINT WARNING * * *
It was a potion of curing.
You feel better.
You hear some strange, mumbled words.
You are confused.
You completely miss something. Your headbutt misses something.
You hear some strange, mumbled words.
A magic dart appears from out of thin air!
The magic dart hits you.
You bump into the rock wall.
Something hits you but does no damage.
You bump into the rock wall.
Something hits you.
* * * LOW HITPOINT WARNING * * *
You bump into the rock wall.
Something hits you.
* * * LOW HITPOINT WARNING * * *
You barely miss something.
You feel less confused. Something hits you.
* * * LOW HITPOINT WARNING * * *
You miss something. Something hits you but does no damage.
You closely miss something. You headbutt something. Something hits you.
* * * LOW HITPOINT WARNING * * *
You miss something.
You hear some strange, mumbled words.
A puff of flame appears from out of thin air!
The puff of flame hits you!
You die...

####...# #.##
#..##########.
##### #..#
.... #<#.
##.##..## #.#.
#.##..# #...
#>....# ####
#?###.# # #.#
# #.# # #@# #
#{# # #o# #
#.. # ... ....
...> ......


You could see an orc.

Vanquished Creatures
  5 adders (D:2)
  A worm (D:2)
  A dart slug (D:2)
  3 orcs (D:3)
  9 ball pythons
  7 endoplasms
  5 giant cockroaches
  3 goblins (D:2)
  4 hobgoblins
  3 jackals (D:1)
  5 quokkas
  7 bats
  A frilled lizard (D:2)
  4 kobolds
  6 rats
64 creatures vanquished.

Notes
Turn   | Place    | Note
-------+----------+-------------------------------------------
     0 | D:1      | Eitelfritz the Minotaur Gladiator began the quest for the
                  | Orb.
     0 | D:1      | Reached XP level 1. HP: 18/18 MP: 0/0
   120 | D:1      | Found a faded altar of an unknown god.
   197 | D:1      | Reached XP level 2. HP: 23/25 MP: 1/1
   263 | D:1      | Reached skill level 1 in Armour
   464 | D:1      | Reached skill level 4 in Long Blades
   837 | D:1      | Reached XP level 3. HP: 30/30 MP: 2/2
  1654 | D:2      | Reached XP level 4. HP: 37/37 MP: 3/3
  2365 | D:3      | Killed from afar by an orc wizard

Illustrated notes

Levels and vault maps discovered:
D:1:      heliophobic_arrival_battle_scene, layout_loops_cross,
          basic_ecumenical_altar, nicolae_concentric_dashed_squares_wild
D:2:      wad_river_or_something, layout_basic
D:3:      layout_basic, serial_shops, nicolae_shop_trees, grunt_ministairs_1

Skill      XL: |  1  2  3  4 |
---------------+-------------+-----
Armour         | 1 2 3 |  3.1
Long Blades    | 4 |  4.9
Fighting       | |  2.9
Throwing       | |  2.1
Dodging        | |  3.8

Action                   |  1- 3 |  4- 6 || total
-------------------------+-------+-------++-------
Melee: Long sword        |    84 |    64 ||   148
       Headbutt          |    14 |     6 ||    20
  Use: Potion            |       |     1 ||     1
Armor: Ring mail         |    32 |    30 ||    62
       Leather armour    |     1 |       ||     1
Dodge: Dodged            |    61 |    37 ||    98
